 Dungeon Crawl Stone Soup version 0.25.1-2-g60ff931df9 (webtiles) character file.

Game seed: 12014415277348793641

7749 DogServant the Markscentaur (level 11, -17/92 HPs)
             Began as a Centaur Hunter on Oct 15, 2020.
             Was an Elder of Okawaru.
             Killed from afar by Erica (25 damage)
             ... with a bolt of poison
             ... on level 10 of the Dungeon.
             The game lasted 00:25:41 (13430 turns).

DogServant the Markscentaur (Centaur Hunter)       Turns: 13430, Time: 00:25:43

Health: -17/92     AC: 13    Str: 19 (21) XL:     11   Next: 0%
Magic:  6/15       EV: 12    Int:  4 (7)  God:    Okawaru [****..]
Gold:   338        SH:  0    Dex: 17 (19) Spells: 10/10 levels left

rFire    . . .     SeeInvis .   a - +1 shortbow
rCold    + . .     Gourm    .   (shield currently unavailable)
rNeg     . . .     Faith    .   x - +4 scale mail {rC+}
rPois    .         Spirit   .   (no helmet)
rElec    .         Reflect  .   D - +0 cloak
rCorr    .         Harm     .   (no gloves)
MR       .....                  (no barding)
Stlth    ..........             (no amulet)
HPRegen  0.25/turn              y - ring of Ostoafikk {+Fly Str+5 Int-3 Dex+9}
MPRegen  0.14/turn              h - +4 ring of evasion

@: lethally poisoned (-17 -> -31), about to teleport, very quick
A: large, hooves 3, thin metallic scales 1, clumsy 1, deformed body, speed 2,
tough skin 3
a: Heroism, Renounce Religion, Evoke Flight


You were on level 10 of the Dungeon.
You worshipped Okawaru.
Okawaru was greatly pleased with you.
You were hungry.

You visited 2 branches of the dungeon, and saw 11 of its levels.

You collected 428 gold pieces.
You spent 90 gold pieces at shops.

Inventory:

Hand Weapons
 a - a +1 shortbow (weapon)
 w - a +1 antimagic hand axe
 F - the +1 spear of Shame {speed, rF+ Dex+2}
   (You found it on level 9 of the Dungeon)

   Attacks with this weapon are significantly faster.
   It affects your dexterity (+2).
   It protects you from fire.
Missiles
 d - 73 arrows (quivered)
 v - 14 boomerangs
Armour
 x - a +4 scale mail of cold resistance (worn)
 D - a +0 cloak (worn)
Jewellery
 g - an uncursed ring of protection from fire
 h - a +4 ring of evasion (right hand)
 t - an uncursed ring of positive energy
 y - the ring of Ostoafikk (left hand) {+Fly Str+5 Int-3 Dex+9}
   (You found it on level 8 of the Dungeon)

   [ring of flight]

   It affects your strength (+5).
   It affects your intelligence (-3).
   It affects your dexterity (+9).
   It lets you fly.
Wands
 b - a wand of polymorph (18)
 i - a wand of paralysis (14)
 m - a wand of flame (10)
Scrolls
 j - 2 scrolls of teleportation
 o - 2 scrolls of identify
 r - 3 scrolls of remove curse
 A - a scroll of blinking
Potions
 e - a potion of brilliance
 k - 2 potions of stabbing
 l - 2 potions of magic
 n - a potion of lignification
Comestibles
 c - 5 chunks of flesh
 f - 20 rations


   Skills:
 - Level 7.1 Fighting
 - Level 6.8(6.9) Axes
 - Level 1.5(4.5) Polearms
 + Level 15.5 Bows
 - Level 2.0 Dodging
 - Level 0.4 Stealth
 + Level 6.1 Invocations


You had 10 spell levels left.
You didn't know any spells.
Your spell library was empty.

Dungeon Overview and Level Annotations

Branches:
Dungeon (10/15)            Temple (1/1) D:6             Orc (0/2) D:9
   Lair: D:8-11

Altars:
Ashenzari
Cheibriados
Dithmenos
Elyvilon
Fedhas
Hepliaklqana
Kikubaaqudgha
Makhleb
Nemelex Xobeh
Okawaru
Qazlal
Ru
Sif Muna
Trog
Uskayaw
Vehumet
Wu Jian
Xom
Yredelemnul
Zin
The Shining One
Lugonu

Shops:
D:6 :   D:10 ?

Annotations:
D:8 Gastronok
D:10 2 runed translucent doors, Erica


Innate Abilities, Weirdness & Mutations

You have hooves in place of feet.
Armour fits poorly on your strangely shaped body.
You cover ground very quickly.
You have extremely tough skin. (AC +3)
You are partially covered in thin metallic scales. (AC +2)
You are clumsy. (Dex -2)


Message History

Your +0 cloak unmelds from your body.
Your +4 scale mail of cold resistance unmelds from your body.
You feel resistant to cold.
You feel sick. Something hits you but does no damage.
Okay, then.
You're too confused!
Unknown command.
Okay, then.
You're too confused!
Unknown command.
Evoke which item? (* to show all) (? for menu, Esc to quit)
Okay, then.
You feel less confused.
As you read the scroll of teleportation, it crumbles to dust.
You feel strangely unstable.
You feel sick.
Erica appears from thin air!
Reactivating autopickup.
Erica gestures at you while chanting. The bolt of poison hits you!!
You are lethally poisoned!
You die...

##### ##...# ##≈.≈.. ##≈≈.≈≈.
####### #.≈≈∩≈≈. #.....########
#.≈≈≈≈≈. #...((.......# #..≈≈≈..
#.@#########.###########.......
#..#≈≈#...D#(.@.@((....(.......
#..#≈≈#..⌠D#.....(##)#####.....
#..####...D#......#..÷...#.....
....+...[..D+(.....#......#..###
.....#....####(.....#......#..'..
.....#.⌠..#≈≈#......########..#..
...#≈≈#................#..
#####....(...........#..
.....#+############.#..


You could see 2 fire dragons, 2 ice dragons and Erica.

Vanquished Creatures
  2 two-headed ogres (D:9)
  Pikel (D:5)
  Maggie (D:6)
  A hornet (D:9)
  A hippogriff (D:7)
  A spriggan (D:7)
  5 yaks (D:10)
  Menkaure (D:5)
  A warg (D:9)
  A water moccasin (D:9)
  5 orc warriors
  2 ice beasts
  An eye of draining (D:9)
  A black bear (D:9)
  3 phantoms
  A necrophage (D:7)
  3 sky beasts
  A centaur (D:5)
  5 ogres
  Blork the orc (D:6)
  2 bullfrogs (D:9)
  2 scorpions
  12 killer bees
  6 crimson imps
  A centaur zombie (D:6)
  A bullfrog zombie (D:10)
  A jelly (D:9)
  3 orc priests
  2 hounds
  7 orc wizards
  3 centaur skeletons
  4 iguanas
  Terence (D:3)
  Ijyb (D:5)
  Natasha (thrice) (D:2)
  4 worker ants
  2 hound zombies
  A howler monkey zombie (D:6)
  A worker ant zombie (D:8)
  15 gnolls
  14 adders
  2 shadow imps (D:7)
  An ooze (D:4)
  2 adder zombies (D:7)
  6 worms
  2 dart slugs (D:1)
  5 leopard geckos
  29 orcs
  2 ball pythons
  5 bats
  8 giant cockroaches
  10 goblins
  6 hobgoblins
  6 jackals
  6 quokkas
  3 frilled lizards
  5 kobolds
  A leopard gecko skeleton (D:4)
  5 rats
  A spectral orc (D:4)
229 creatures vanquished.

Vanquished Creatures (others)
  An orc wizard (D:5)
  An orc priest (D:5)
  A hound zombie (D:5)
  A leopard gecko zombie (D:5)
  5 toadstools (D:5)
9 creatures vanquished.

Grand Total: 238 creatures vanquished

Notes
Turn   | Place    | Note
-------+----------+-------------------------------------------
     0 | D:1      | DogServant the Centaur Hunter began the quest for the Orb.
     0 | D:1      | Reached XP level 1. HP: 17/17 MP: 1/1
   150 | D:1      | Reached XP level 2. HP: 25/25 MP: 2/2
   970 | D:2      | Reached skill level 6 in Bows
   970 | D:2      | Reached XP level 3. HP: 30/30 MP: 3/3
  1328 | D:2      | Noticed Natasha
  1332 | D:2      | Reached XP level 4. HP: 36/38 MP: 4/4
  1357 | D:2      | Killed Natasha
  1419 | D:2      | Noticed Natasha
  1426 | D:2      | Killed Natasha
  1611 | D:2      | Noticed Natasha
  1617 | D:2      | Killed Natasha
  1617 | D:2      | Reached skill level 7 in Bows
  1617 | D:2      | Reached XP level 5. HP: 46/46 MP: 5/5
  2199 | D:3      | Noticed Terence
  2227 | D:3      | Killed Terence
  2693 | D:3      | Reached XP level 6. HP: 52/53 MP: 6/6
  3285 | D:4      | Reached skill level 5 in Fighting
  3285 | D:4      | Reached skill level 8 in Bows
  3723 | D:4      | Reached skill level 1 in Axes
  3723 | D:4      | Reached XP level 7. HP: 61/61 MP: 7/7
  3774 | D:4      | Reached skill level 9 in Bows
  3838 | D:4      | Found a sparkling altar of Nemelex Xobeh.
  3839 | D:4      | Found a shimmering blue altar of Sif Muna.
  4186 | D:4      | Found a radiant altar of Vehumet.
  4353 | D:4      | Found an ornate altar of the Wu Jian Council.
  4353 | D:4      | Found a hazy altar of Hepliaklqana.
  4354 | D:4      | Found a shimmering altar of Xom.
  4441 | D:4      | Found a basalt altar of Yredelemnul.
  4689 | D:4      | Found a snail-covered altar of Cheibriados.
  4740 | D:5      | Entered Level 5 of the Dungeon
  4948 | D:5      | Noticed Pikel
  4970 | D:5      | Killed Pikel
  4970 | D:5      | Reached skill level 11 in Bows
  4970 | D:5      | Reached XP level 8. HP: 31/69 MP: 2/8
  5781 | D:5      | Noticed Menkaure
  6018 | D:5      | Killed Menkaure
  6103 | D:5      | Noticed Ijyb
  6134 | D:5      | Killed Ijyb
  6307 | D:5      | You fall into a shaft and drop 2 floors!
  6322 | D:6      | Noticed Blork the orc
  6483 | D:6      | Found a staircase to the Ecumenical Temple.
  6490 | Temple   | Entered the Ecumenical Temple
  6507 | Temple   | Became a worshipper of Warmaster Okawaru
  6833 | D:5      | Found a shadowy altar of Dithmenos.
  6851 | D:5      | Reached skill level 12 in Bows
  7102 | D:6      | Noticed Maggie
  7405 | D:6      | Killed Blork the orc
  7576 | D:6      | Reached * piety under Okawaru
  7576 | D:6      | Reached skill level 13 in Bows
  7833 | D:6      | Reached XP level 9. HP: 66/74 MP: 3/9
  7915 | D:6      | Found Nioluto's Book Shoppe.
  8089 | D:6      | Killed Maggie
  8232 | D:7      | Reached ** piety under Okawaru
  8566 | D:7      | Reached skill level 14 in Bows
  9345 | D:8      | Noticed Gastronok
  9369 | D:8      | Reached *** piety under Okawaru
  9634 | D:8      | Got a crude wooden ring
  9653 | D:8      | Found a glowing silver altar of Zin.
  9653 | D:8      | Found a glowing golden altar of the Shining One.
  9654 | D:8      | Found a white marble altar of Elyvilon.
  9856 | D:9      | Reached skill level 1 in Invocations
  9926 | D:9      | Noticed a two-headed ogre
  9942 | D:9      | Killed a two-headed ogre
  9942 | D:9      | Reached skill level 5 in Axes
  9942 | D:9      | Reached XP level 10. HP: 86/86 MP: 4/11
 10338 | D:9      | Paralysed by a hornet for 1 turns
 10679 | D:9      | Identified the +0 robe of Chimes {-Cast rElec rF+ Int+4}
 10736 | D:9      | Paralysed by a hornet for 2 turns
 10756 | D:9      | Reached **** piety under Okawaru
 10853 | D:9      | Noticed a two-headed ogre
 10885 | D:9      | Killed a two-headed ogre
 10885 | D:9      | Received a gift from Okawaru
 11018 | D:9      | Reached skill level 15 in Bows
 11195 | D:9      | Found a staircase to the Orcish Mines.
 11255 | D:9      | Reached skill level 5 in Invocations
 12549 | D:9      | Found an ancient bone altar of Kikubaaqudgha.
 12550 | D:9      | Found a sacrificial altar of Ru.
 12690 | D:9      | Got an iridescent spear
 12691 | D:9      | Identified the cursed +1 spear of Shame {speed, rF+ Dex+2}
                  | (You found it on level 9 of the Dungeon)
 12768 | D:9      | Identified the ring of Ostoafikk {+Fly Str+5 Int-3 Dex+9}
                  | (You found it on level 8 of the Dungeon)
 12793 | D:10     | Entered Level 10 of the Dungeon
 12911 | D:10     | Received a gift from Okawaru
 12911 | D:10     | Reached skill level 1 in Polearms
 13180 | D:10     | Reached XP level 11. HP: 91/92 MP: 15/15
 13201 | D:10     | Found Wymuh's Magic Scroll Shoppe.
 13256 | D:10     | Bought a scroll of enchant armour for 90 gold pieces
 13295 | D:10     | Found a runed translucent door.
 13296 | D:10     | Noticed a fire dragon
 13298 | D:10     | Noticed an ice dragon
 13299 | D:10     | Noticed a fire dragon
 13300 | D:10     | Found the +2 shield of Resistance {rF+ rC+ MR+}
 13300 | D:10     | Noticed an ice dragon
 13303 | D:10     | Found a runed translucent door.
 13307 | D:10     | Noticed Erica
 13415 | D:10     | Gained mutation: You are clumsy. (Dex -2) [potion of
                  | mutation]
 13415 | D:10     | Gained mutation: You are partially covered in thin metallic
                  | scales. (AC +2) [potion of mutation]
 13430 | D:10     | Killed from afar by Erica

Illustrated notes

Levels and vault maps discovered:
D:1:      evilmike_arrival_crescent, layout_loops_ring
D:2:      layout_rooms, uniq_natasha
D:3:      layout_basic, gup_sewer_entry_bowl, uniq_terence
D:4:      layout_loops_ring, yredelemnul_forgotten_temple_becter,
          grunt_temple_overflow_open, nicolae_overflow_hidden_temple
D:5:      layout_loops_corners, first_ration, minmay_gold_behind_fungi,
          grunt_dithmenos_shadows, uniq_menkaure, uniq_ijyb, uniq_pikel
D:6:      layout_rooms, minmay_temple_entry_wispy, serial_shops,
          nicolae_shop_window_shopping, uniq_blork_the_orc, uniq_maggie
D:7:      layout_rooms, st_stairs_11, the_bakery
D:8:      layout_basic, good_gods_temple_1, doesnt_xom_only_xom, uniq_gastronok
D:9:      layout_irregular_city, gammafunk_temple_overflow_pools,
          david_orc_1_choice, supply_closet_lemuel
D:10:     layout_irregular_city, erik_lair_island, gammafunk_ghost_cemetery,
          serial_shops, nicolae_shop_waterfront, hangedman_decor_diamond_cutter,
          minmay_guarded_unrand_resistance, uniq_erica, uniq_sonja
Temple:   corrupted_temple

Skill      XL: |  1  2  3  4  5  6  7  8  9 10 |
---------------+-------------------------------+-----
Bows           | 6 7 8 11 13 14 15 | 15.5
Fighting       | 3 4 5 7 |  7.1
Axes           | 1 2 5 6 |  6.8
Dodging        | 2 |  2.0
Invocations    | 2 6 |  6.1
Polearms       | 1 |  1.5
Stealth        | |  0.4

Action                   |  1- 3 |  4- 6 |  7- 9 | 10-12 || total
-------------------------+-------+-------+-------+-------++-------
Melee: Short sword       |    59 |    64 |       |       ||   123
       Kick              |    11 |    16 |    60 |    46 ||   133
       Hand axe          |       |       |   250 |   128 ||   378
       Spear             |       |       |       |    44 ||    44
 Fire: Shortbow          |    51 |   179 |   303 |   265 ||   798
Throw: Boomerang         |       |       |     3 |       ||     3
Invok: Heroism           |       |       |       |     2 ||     2
Evoke: Wand              |       |       |       |     9 ||     9
  Use: Scroll            |       |     7 |     8 |     4 ||    19
       Potion            |       |       |     5 |     9 ||    14
 Stab: Paralysed         |       |       |       |     7 ||     7
  Eat: Chunk             |     1 |     6 |     6 |     6 ||    19
       Ration            |       |       |     3 |     1 ||     4
Armor: Leather armour    |    33 |    40 |    82 |       ||   155
       Scale mail        |       |       |    33 |    79 ||   112
       Skin              |       |       |       |    18 ||    18
Dodge: Dodged            |    34 |    51 |   233 |   127 ||   445
